 Dungeon Crawl Stone Soup version 0.22-a0-429-g97ce8ef (webtiles) character file.

50 Mgcat the Skirmisher (level 3, -1/36 HPs)
             Began as a Naga Fighter on May 25, 2018.
             Slain by Natasha (4 damage)
             ... on level 2 of the Dungeon.
             The game lasted 00:02:20 (1464 turns).

Mgcat the Skirmisher (Naga Fighter)                 Turns: 1464, Time: 00:02:21

Health: -1/36      AC:  5    Str: 24    XL:     3   Next: 79%
Magic:  3/3        EV:  5    Int:  8    God:
Gold:   92         SH:  9    Dex: 10    Spells: 2/2 levels left

rFire    . . .     SeeInvis +   a - +0 flail
rCold    . . .     Gourm    .   c - +0 shield
rNeg     . . .     Faith    .   b - +0 scale mail
rPois    +         Spirit   .   h - +0 helmet
rElec    .         Reflect  .   (no cloak)
rCorr    .         Harm     .   (no gloves)
MR       .....                  (no barding)
Stlth    ..........             (no amulet)
HPRegen  0.12/turn              (no ring)
MPRegen  0.08/turn              (no ring)

@: mighty, slowed, very slow
A: large, see invisible, deformed body, poison resistance, slowness 2, slow
metabolism 1, spit poison 1, AC +1
a: Spit Poison


You were on level 2 of the Dungeon.
You were not hungry.

You visited 1 branch of the dungeon, and saw 2 of its levels.

You collected 92 gold pieces.

Inventory:

Hand Weapons
 a - a +0 flail (weapon)
Armour
 b - a +0 scale mail (worn)
 c - a +0 shield (worn)
 h - a +0 helmet (worn)
   (You found it on level 2 of the Dungeon)
Scrolls
 e - a scroll of fear {unknown}
 j - a scroll of fog {unknown}
Potions
 d - a potion of might
 i - a potion of flight {unknown}
Comestibles
 f - 4 rations
 g - a chunk of flesh {@w0}


   Skills:
 + Level 3.9 Fighting
 + Level 3.1 Maces & Flails
 - Level 2.4 Armour
 - Level 2.4 Shields


You had 2 spell levels left.
You didn't know any spells.
Your spell library was empty.

Dungeon Overview and Level Annotations

Branches:
Dungeon (2/15)

Altars:
Nemelex Xobeh

Annotations:
D:2 Natasha


Innate Abilities, Weirdness & Mutations

You cannot wear boots.
Your serpentine skin is tough. (AC +1)
You have supernaturally acute eyesight. (SInv)
Armour fits poorly on your strangely shaped body.
Your system is resistant to poisons. (rPois)
You cover ground very slowly.
You have a slow metabolism.
You can spit poison.


Message History

* * * LOW HITPOINT WARNING * * *
You block Natasha's attack.
You closely miss Natasha.
Natasha is almost dead.
The crimson imp hits you.
* * * LOW HITPOINT WARNING * * *
The shadow imp hits you.
* * * LOW HITPOINT WARNING * * *
Natasha closely misses you.
Press: ? - help, Shift-Dir - straight line, f/p - Natasha
Aim: Natasha (almost dead)
The splash of poison hits Natasha.
Natasha is poisoned.
You kill Natasha!
Suddenly Natasha's spirit rises from her lifeless body.
The iron imp disappears in a puff of smoke!
The crimson imp disappears in a puff of smoke!
The shadow imp disappears in a puff of smoke!
Your Maces & Flails skill increases to level 3!
You have reached level 3!
Your experience leads to an increase in your attributes!
Increase (S)trength, (I)ntelligence, or (D)exterity?
You feel stronger.
Your skin feels tougher.
You feel slightly more hungry.
You see here the felid corpse of Natasha.
You butcher the felid corpse of Natasha.
g - 6 chunks of flesh {@w0} (gained 2)
You see here the felid skeleton of Natasha.
You have got your breath back.
You see here the felid skeleton of Natasha.
Some of the chunks of flesh in your inventory have rotted away.
There is a stone staircase leading up here.
You climb upwards.
There is a stone staircase leading down here.
Some of the chunks of flesh in your inventory have rotted away.
HP restored.
Done exploring.
You start resting.
All of the chunks of flesh in your inventory have rotted away.
HP restored.
You climb downwards.
There is a stone staircase leading up here.
A worm comes into view.
A worm is nearby!
You thump the worm!
The worm is heavily wounded.
The worm bites you.
You hit the worm.
The worm is heavily wounded.
The worm bites you.
You completely miss the worm.
The worm is heavily wounded.
The worm bites you.
Your shield and scale mail prevent you from hitting the worm.
The worm is heavily wounded.
You hit the worm.
The worm is heavily wounded.
The worm barely misses you.
You sock the worm!
You kill the worm!
No target in view!
No target in view!
No target in view!
No target in view!
You butcher the worm corpse.
g - a chunk of flesh {@w0} Something unseen opens the door.
Natasha, Servant of Life and Death comes into view.
Natasha is nearby!
Natasha casts a spell at you. You resist with some effort. Natasha claws you.
You are too injured to fight recklessly!
You are too injured to fight recklessly!
You are too injured to fight recklessly!
You are too injured to fight recklessly!
You are too injured to fight recklessly!
You closely miss Natasha.
Natasha stares at you and mumbles some strange words.
You feel yourself slow down.
You barely miss Natasha.
Natasha stares at you and mumbles some strange words.
You resist with some effort.
Natasha stares at you and mumbles some strange words.
You feel as though you will be slow longer.
You closely miss Natasha. Natasha claws you. x2
Your scale mail prevents you from hitting Natasha.
Natasha casts a spell.
Natasha stares at you and mumbles some strange words.
The magic dart hits you!
You hit Natasha.
Natasha is moderately wounded.
You block Natasha's attack. The shadow imp hits you. Natasha claws you!
* * * LOW HITPOINT WARNING * * *
The shadow imp hits you.
* * * LOW HITPOINT WARNING * * *
You feel very mighty all of a sudden. Natasha claws you but does no damage.
The shadow imp spits at you. The shadow imp barely misses you.
Natasha claws you.
You die...

#.# #.##..###.#
#.# #.#.......#
#.#
..#.#..####.
#..
#.#.........#
#.#<........#
##.........#
'........+.
#h.........
##@.........
#5..........
#....[......
#......#.#..
#......#.#
..........#
#........!..#
#.............
#....#####....#


You could see Natasha and a shadow imp.

Vanquished Creatures
  Natasha (D:2)
  A worm (D:2)
  A dart slug (D:2)
  A leopard gecko (D:1)
  A bat (D:1)
  A giant cockroach (D:1)
  2 goblins (D:1)
  A hobgoblin (D:2)
  5 kobolds
  3 rats (D:1)
17 creatures vanquished.

Notes
Turn   | Place    | Note
-------+----------+-------------------------------------------
     0 | D:1      | Mgcat the Naga Fighter began the quest for the Orb.
     0 | D:1      | Reached XP level 1. HP: 21/21 MP: 1/1
   318 | D:1      | Reached XP level 2. HP: 28/28 MP: 2/2
   353 | D:1      | Found a sparkling altar of Nemelex Xobeh.
  1196 | D:2      | Noticed Natasha
  1198 | D:2      | Noticed a crimson imp
  1207 | D:2      | Noticed a crimson imp
  1211 | D:2      | HP: 7/28 [crimson imp[Natasha] (1)]
  1212 | D:2      | Killed Natasha
  1212 | D:2      | Reached skill level 3 in Maces & Flails
  1212 | D:2      | Reached XP level 3. HP: 7/36 MP: 3/3
  1456 | D:2      | Noticed Natasha
  1463 | D:2      | HP: 3/36 [Natasha (8)]
  1464 | D:2      | Slain by Natasha

Vault maps used:
D:1:      minmay_arrival_jagged, serial_co_window_serial, co_window_paths_a,
          co_window_corner_a, co_window_corner_a, co_window_paths_b,
          co_window_paths_a, co_window_cross_1, co_window_corner_a,
          co_window_paths_a, co_window_paths_b, co_window_of_opportunity_b,
          co_window_2corner, co_window_of_opportunity_b, co_window_broadway_c,
          co_window_4corner_a, glass_columns_a, serial_bayou_pond_e,
          hangedman_abyss_or_decor_lesser_grid, nemelex_diamond_rough_becter
D:2:      first_ration, minivault_25, grunt_ministairs_14,
          kennysheep_jessica_study, uniq_natasha, uniq_crazy_yiuf_cottage

Skill      XL: |  1  2 |
---------------+-------+-----
Maces & Flails | 3 |  3.1
Fighting       | |  3.9
Armour         | |  2.4
Shields        | |  2.4

Action                   || total
-------------------------++-------
Melee: Flail             ||    63
 Abil: Spit Poison       ||     3
  Use: Potion            ||     1
  Eat: Chunk             ||     1
Armor: Scale mail        ||    21
Dodge: Dodged            ||    14
Block: Shield            ||    21

Table legend:
 A = Spawn XP
 B = Non-spawn XP
 C = Spawn XP percentage of total XP
 D = Spawn monster count
 E = Non-spawn monster count
 F = Spawn count percentage of total count
 G = Total turns spent on level
                    A         B        C        D         E        F      G
               +---------+---------+-------+---------+---------+-------+---------
         Total |       0 |      72 |   0.0 |       0 |      17 |   0.0 |  1464
               +---------+---------+-------+---------+---------+-------+---------
           D:1 |       0 |      19 |   0.0 |       0 |      11 |   0.0 |  1307
           D:2 |       0 |      53 |   0.0 |       0 |       6 |   0.0 |   157
               +---------+---------+-------+---------+---------+-------+---------

Vault maps used:
D:1:      minmay_arrival_jagged, serial_co_window_serial, co_window_paths_a,
          co_window_corner_a, co_window_corner_a, co_window_paths_b,
          co_window_paths_a, co_window_cross_1, co_window_corner_a,
          co_window_paths_a, co_window_paths_b, co_window_of_opportunity_b,
          co_window_2corner, co_window_of_opportunity_b, co_window_broadway_c,
          co_window_4corner_a, glass_columns_a, serial_bayou_pond_e,
          hangedman_abyss_or_decor_lesser_grid, nemelex_diamond_rough_becter
D:2:      first_ration, minivault_25, grunt_ministairs_14,
          kennysheep_jessica_study, uniq_natasha, uniq_crazy_yiuf_cottage

Table legend:
 A = Turns spent in this place as a percentage of turns spent in the entire game.
 B = Non-inter-level travel turns spent in this place as a percentage of non-inter-level travel turns spent in the entire game.
 C = Inter-level travel turns spent in this place as a percentage of turns spent in this place.
 D = Turns resting spent in this place as a percentage of non-inter-level travel turns spent in this place.
 E = Turns spent auto-exploring this place as a percentage of non-inter-level travel turns spent in this place.
 F = Non-inter-level travel turns spent in this place divided by the number of levels of this place that you've seen.
                   A       B       C       D       E      F
               +-------+-------+-------+-------+-------+----------------------
         Total | 100.0 | 100.0 |   0.6 |   4.5 |  85.0 | 727.5
       Dungeon | 100.0 | 100.0 |   0.6 |   4.5 |  85.0 | 727.5
               +-------+-------+-------+-------+-------+----------------------

Table legend:
 A = Kills in this place as a percentage of kills in entire the game.
 B = Kills by you in this place as a percentage of kills by you in the entire game.
 C = Kills by friends in this place as a percentage of kills by friends in the entire game.
 D = Other kills in this place as a percentage of other kills in the entire game.
 E = Experience gained in this place as a percentage of experience gained in the entire game.
 F = Experience gained in this place divided by the number of levels of this place that you have seen.
                   A       B       C       D       E      F
               +-------+-------+-------+-------+-------+----------------------
         Total | 100.0 | 100.0 |   N/A |   N/A | 100.0 |  36.0
       Dungeon | 100.0 | 100.0 |   N/A |   N/A | 100.0 |  36.0
               +-------+-------+-------+-------+-------+----------------------
